 Dungeon Crawl Stone Soup version 0.21.1-1-g345015f (webtiles) character file.

75 nicolaieve the Conjurer (level 4, -3/24 HPs)
             Began as a Deep Elf Conjurer on June 7, 2018.
             Slain by an adder (4 damage)
             ... on level 3 of the Dungeon.
             The game lasted 00:15:52 (2050 turns).

nicolaieve the Conjurer (Deep Elf Conjurer)         Turns: 2050, Time: 00:15:53

Health: -3/24      AC:  5    Str:  9    XL:     4   Next: 11%
Magic:  10/10      EV: 13    Int: 20    God:
Gold:   133        SH:  0    Dex: 15    Spells: 6/9 levels left

rFire    . . .     SeeInvis .   (no weapon)
rCold    . . .     Gourm    .   (no shield)
rNeg     . . .     Faith    .   a - +0 robe
rPois    .         Spirit   .   (no helmet)
rElec    .         Reflect  .   (no cloak)
rCorr    .         Harm     .   s - +0 pair of gloves
MR       .....                  (no boots)
Stlth    ++........             (no amulet)
HPRegen  0.08/turn              w - +3 ring of strength
MPRegen  0.12/turn              x - +2 ring of protection

@: no status effects
A: no striking features
a: no special abilities


You were on level 3 of the Dungeon.
You were very hungry.

You visited 1 branch of the dungeon, and saw 3 of its levels.

You collected 133 gold pieces.

Inventory:

Missiles
 d - 15 poisoned needles
 k - 29 arrows
 n - 71 stones (quivered)
Armour
 a - a +0 robe (worn)
 l - a +0 robe
 r - a +0 robe
 s - a +0 pair of gloves (worn)
Jewellery
 w - a +3 ring of strength (left hand)
 x - a +2 ring of protection (right hand)
Scrolls
 e - 2 scrolls of teleportation
 i - a scroll of enchant weapon {unknown}
 o - 2 scrolls of remove curse
 p - a scroll of fog {unknown}
 t - a scroll of immolation {unknown}
 u - 2 scrolls of identify {unknown}
 y - a scroll of enchant armour {unknown}
Potions
 f - 2 potions of mutation {unknown}
 g - a potion of flight {unknown}
 h - 2 potions of berserk rage {unknown}
 j - a potion of heal wounds {unknown}
 v - a potion of curing {unknown}
 z - a potion of magic {unknown}
Books
 b - a book of Conjurations

   Spells                             Type                      Level
   a - Magic Dart                     Conjuration                  1
   b - Searing Ray                    Conjuration                  2
   c - Dazzling Spray                 Conjuration/Hexes            3
   d - Fulminant Prism                Conjuration/Hexes            4
   e - Force Lance                    Conjuration/Translocation    4
   f - Iskenderun's Mystic Blast      Conjuration                  4
 m - a book of the Earth

   Spells                             Type                      Level
   a - Leda's Liquefaction            Hexes/Earth                  4
   b - Bolt of Magma                  Conjuration/Fire/Earth       5
   c - Statue Form                    Transmutation/Earth          6
   d - Iron Shot                      Conjuration/Earth            6
   e - Shatter                        Earth                        9
Comestibles
 c - 5 rations


   Skills:
 - Level 2.4 Dodging
 - Level 2.4 Stealth
 - Level 3.0 Spellcasting
 + Level 6.2 Conjurations


You had 6 spell levels left.
You knew the following spells:

 Your Spells              Type           Power        Failure   Level  Hunger
a - Magic Dart            Conj           ####         1%          1    None
b - Searing Ray           Conj           ####..       1%          2    ##.....


Dungeon Overview and Level Annotations

Branches:
Dungeon (3/15)

Altars:
Fedhas
Okawaru


Message History

You hit the adder.
The adder is heavily wounded.
The hobgoblin barely misses you. The adder bites you.
* * * LOW HITPOINT WARNING * * *
You miss the adder.
The adder is heavily wounded.
The adder barely misses you. The hobgoblin misses you.
You closely miss the adder.
The adder is heavily wounded.
The adder misses you. The hobgoblin barely misses you.
The adder barely misses you. The hobgoblin hits you with a club.
* * * LOW HITPOINT WARNING * * *
The adder misses you.
You closely miss the hobgoblin. The adder bites you but does no damage.
The hobgoblin barely misses you.
You hit the hobgoblin.
The hobgoblin is severely wounded.
The adder bites you.
You die...

#.# ##...## #.#
##+## #.# .# #.#
.# #.#######.##
#.#........##
#.#......>..#
#.#........#
#.......@g####..
###.....(S..<...
#.......######
#.......#
#########


You could see an adder and a hobgoblin.

Vanquished Creatures
  4 adders
  2 dart slugs (D:1)
  An orc (D:3)
  A giant cockroach (D:3)
  3 goblins
  4 hobgoblins
  A ball python (D:2)
  7 bats
  5 frilled lizards
  5 kobolds
  4 rats
37 creatures vanquished.

Notes
Turn   | Place    | Note
-------+----------+-------------------------------------------
     0 | D:1      | nicolaieve the Deep Elf Conjurer began the quest for the Orb.
     0 | D:1      | Reached XP level 1. HP: 10/10 MP: 6/6
   294 | D:1      | Reached XP level 2. HP: 15/15 MP: 5/8
   378 | D:1      | Reached skill level 5 in Conjurations
   396 | D:1      | Learned a level 2 spell: Searing Ray
  1086 | D:2      | Reached XP level 3. HP: 18/19 MP: 5/9
  1158 | D:2      | Found a faded altar of an unknown god.
  1259 | D:2      | Found a blossoming altar of Fedhas.
  1663 | D:3      | Reached skill level 6 in Conjurations
  1721 | D:3      | Found an iron altar of Okawaru.
  1728 | D:3      | Reached XP level 4. HP: 24/24 MP: 7/10
  2048 | D:3      | HP: 1/24 [hobgoblin/club (4)]
  2050 | D:3      | Slain by an adder

Skill      XL: |  1  2  3 |
---------------+----------+-----
Conjurations   | 5 6 |  6.2
Dodging        | |  2.4
Stealth        | |  2.4
Spellcasting   | |  3.0

Action                   |  1- 3 |  4- 6 || total
-------------------------+-------+-------++-------
Melee: Unarmed           |       |    58 ||    58
 Cast: Magic Dart        |    68 |    16 ||    84
  Use: Scroll            |     3 |       ||     3
  Eat: Chunk             |     2 |       ||     2
Armor: Robe              |     2 |    24 ||    26
Dodge: Dodged            |     9 |    65 ||    74
